 Dungeon Crawl Stone Soup version 0.26.0-10-g1f06aea511 (webtiles) character file.

Game seed: 8296843358912572682

226 gruber the Chopper (level 5, -1/49 HPs)
             Began as a Deep Dwarf Fighter on Jan 14, 2021.
             Slain by an ogre
             ... wielding a +0 giant spiked club
              (16 damage)
             ... on level 3 of the Dungeon.
             The game lasted 00:02:14 (1536 turns).

gruber the Chopper (Deep Dwarf Fighter)             Turns: 1536, Time: 00:02:14

Health: -1/49      AC: 13    Str: 21    XL:     5   Next: 69%
Magic:  5/5        EV:  4    Int:  8    God:
Gold:   163        SH:  9    Dex: 12    Spells: 4/4 levels left

rFire    . . .     SeeInvis .   a - +0 war axe
rCold    . . .     Faith    .   c - +0 kite shield
rNeg     . . .     Spirit   .   f - +0 plate armour
rPois    .         Reflect  .   n - +0 helmet
rElec    .         Harm     .   (no cloak)
rCorr    .         Rampage  .   (no gloves)
Will     .....                  (no boots)
Stlth    ..........             t - amulet of the acrobat
HPRegen  0.00/turn              i - ring of stealth
MPRegen  0.09/turn              (no ring)

@: non-regenerating
A: damage resistance, heal wounds, sense surroundings 1, no regeneration
a: Heal Wounds


You were on level 3 of the Dungeon.
You visited 1 branch of the dungeon, and saw 3 of its levels.

You collected 163 gold pieces.

Inventory:

Hand Weapons
 a - a +0 war axe (weapon)
Missiles
 g - a throwing net
Armour
 c - a +0 kite shield (worn)
 f - a +0 plate armour (worn)
 n - a +0 helmet (worn)
Jewellery
 i - a ring of stealth (left hand)
 t - an amulet of the acrobat (around neck)
Scrolls
 b - a scroll of fear {unknown}
 h - 4 scrolls of teleportation {unknown}
 m - a scroll of amnesia {unknown}
 p - 2 scrolls of enchant armour {unknown}
 q - a scroll of remove curse {unknown}
 r - a scroll of magic mapping {unknown}
 s - a scroll of identify {unknown}
Potions
 d - 3 potions of might
 e - a potion of attraction {unknown}
 j - 2 potions of lignification {unknown}
 k - 2 potions of curing {unknown}
 l - a potion of experience {unknown}
 o - 2 potions of heal wounds {unknown}
 u - a potion of brilliance {unknown}
 v - a potion of flight {unknown}
 w - 3 potions of cancellation {unknown}


   Skills:
 - Level 3.1 Fighting
 + Level 5.2 Axes
 - Level 4.0 Armour
 - Level 4.2 Shields


You had 4 spell levels left.
You didn't know any spells.
Your spell library was empty.

Dungeon Overview and Level Annotations

Branches:
Dungeon (3/15)

Altars:


Innate Abilities, Weirdness & Mutations

You are resistant to damage.
You can heal yourself by infusing magical energy.
You passively map a small area around you.
You do not regenerate.


Message History

A goblin comes into view.
You block the goblin's attack.
Your plate armour prevents you from hitting the goblin.
The goblin is moderately wounded.
The goblin shouts!
You block the goblin's attack.
You hit the goblin.
You kill the goblin!
You hit the goblin.
You kill the goblin!
You hit the ogre.
The ogre is lightly wounded.
The ogre hits you with a +0 giant spiked club!
You are too injured to fight recklessly!
You are too injured to fight recklessly!
You are too injured to fight recklessly!
You hit the ogre.
The ogre is moderately wounded.
The ogre hits you with a +0 giant spiked club!!
You die...

...# #.....# ...##
#.....# ....#
#.....#
....####.....##*
.)(............#
..(..###....##.#
..).........##.#
..#####........#####
..######.####...@Og#
...........†....##g#
..###.......###.#
.(# ..#
#.......###.# (.# ..
#...........# .$#
############# ###


You could see an ogre and 2 goblins.

Vanquished Creatures
  A water moccasin (D:2)
  An orc wizard (D:3)
  2 adders (D:2)
  2 worms (D:2)
  3 dart slugs
  A leopard gecko (D:1)
  9 orcs (D:3)
  A giant cockroach (D:3)
  11 goblins
  4 hobgoblins
  3 kobolds
  A quokka (D:3)
  4 bats
  2 frilled lizards (D:3)
  5 rats
50 creatures vanquished.

Notes
Turn   | Place    | Note
-------+----------+-------------------------------------------
     0 | D:1      | gruber the Deep Dwarf Fighter began the quest for the Orb.
     0 | D:1      | Reached XP level 1. HP: 20/20 MP: 1/1
   491 | D:1      | Reached XP level 2. HP: 21/27 MP: 2/2
   834 | D:2      | Reached XP level 3. HP: 23/34 MP: 3/3
   857 | D:2      | Noticed a water moccasin
   865 | D:2      | Killed a water moccasin
   866 | D:2      | Reached skill level 4 in Axes
   866 | D:2      | Reached XP level 4. HP: 17/42 MP: 4/4
   979 | D:2      | Reached XP level 5. HP: 13/49 MP: 5/5
  1396 | D:3      | Reached skill level 5 in Axes
  1517 | D:3      | Noticed an ogre
  1536 | D:3      | Slain by an ogre

Illustrated notes

Levels and vault maps discovered:
D:1:      scummos_arrival_simple_crosswalls, layout_basic, amethyst_killhole
D:2:      layout_basic, minmay_pentomino_w2
D:3:      layout_rooms, ebering_ghost_reflecting_pool,
          ebering_dispersal_statue_hall, minmay_ogre_servants

Skill      XL: |  1  2  3  4  5 |
---------------+----------------+-----
Fighting       | 3 |  3.1
Armour         | 4 |  4.0
Axes           | 4 5 |  5.2
Shields        | 4 |  4.2

Action                   |  1- 3 |  4- 6 || total
-------------------------+-------+-------++-------
Melee: War axe           |    70 |   102 ||   172
 Abil: Heal Wounds       |       |     1 ||     1
Armor: Plate armour      |    51 |    59 ||   110
       Scale mail        |     3 |       ||     3
Dodge: Dodged            |     7 |    19 ||    26
Block: Kite shield       |    53 |    49 ||   102
